 Dungeon Crawl Stone Soup version 0.31-a0-1612-g4aaf141004 (webtiles) character file.

Game seed: 2651757440292484391

3096 Malachi the Fighter (level 9, 0/82 (96) HPs)
             Began as an Oni Gladiator on Jan 9, 2024.
             Was a Believer of Wu Jian.
             Slain by a wight
             ... wielding a +3 battleaxe of freezing
              (1 damage)
             ... on level 7 of the Dungeon.
             The game lasted 00:11:32 (7964 turns).

Malachi the Fighter (Oni Gladiator)                 Turns: 7964, Time: 00:11:33

HP:   0/82 (96)     AC:  6    Str: 29 (30) XL:     9   Next: 90%
MP:   9/9           EV: 10    Int:  8 (9)  God:    Wu Jian [**....]
Gold: 436           SH:  0    Dex: 10      Spells: 8/8 levels left

rFire   . . .        h - +4 quarterstaff (drain)
rCold   . . .        (shield currently unavailable)
rNeg    . . .        b - +0 robe
rPois   +            c - +0 hat
rElec   .            i - +2 cloak {rPois}
rCorr   .            (gloves unavailable)
SInv    +            (boots unavailable)
Will    .....        (no amulet)
Stlth   +            k - +6 ring of strength
HPRegen 0.33/turn    j - ring of see invisible
MPRegen 0.11/turn

%: no passive effects
@: heavily drained
A: large, unfitting armour, horns 1, tough skin 1, double potion healing,
drunken brawling, deterioration 1, frail 1, high MP 1, poison resistance
a: Renounce Religion, Wall Jump


You were on level 7 of the Dungeon.
You worshipped Wu Jian.
Wu Jian was pleased with you.
You visited 1 branch of the dungeon, and saw 8 of its levels.

You collected 436 gold pieces.

Inventory:

Hand Weapons
 a - a +0 flail
 h - a +4 quarterstaff of draining (weapon)
 m - a +0 glaive
 q - a +3 long sword of freezing
 v - the +8 falchion of Dovegos {flame, rElec Stlth+}
   (You found it on level 6 of the Dungeon)

   rElec:     It insulates you from electricity.
   Stlth+:    It makes you more stealthy.
Missiles
 d - 3 throwing nets (quivered)
 e - a large rock
Armour
 b - a +0 robe (worn)
 c - a +0 hat (worn)
 i - a +2 cloak of poison resistance (worn)
Jewellery
 j - a ring of see invisible (right hand)
 k - a +6 ring of strength (left hand)
 r - a ring of magical power
Wands
 p - a wand of polymorph (11)
 w - a wand of mindburst (16)
 x - a wand of acid (7)
Scrolls
 f - 4 scrolls of teleportation
 l - 2 scrolls of amnesia
Potions
 g - 3 potions of heal wounds
 n - 4 potions of curing
 o - 2 potions of lignification
 s - 4 potions of attraction


   Skills:
 + Level 12.5 Fighting
 + Level 10.0 Maces & Flails
 - Level 2.1 Throwing
 - Level 2.8 Dodging


You had 8 spell levels left.
You didn't know any spells.
Your spell library contained the following spells:

 Spells                   Type           Power      Damage    Failure   Level
 Blink                    Tloc           0%         N/A       54%         2
 Lesser Beckoning         Tloc           0%         N/A       54%         2
 Momentum Strike          Conj/Tloc      0%         3d8       54%         2
 Inner Flame              Hex/Fire       0%         N/A       78%         3
 Passwall                 Erth           0%         N/A       78%         3
 Stone Arrow              Conj/Erth      0%         3d7       78%         3
 Tukima's Dance           Hex            0%         N/A       78%         3
 Brom's Barrelling Bould  Conj/Erth      0%         2d3       99%         4
 Iskenderun's Mystic Bla  Conj/Tloc      0%         2d3       99%         4
 Leda's Liquefaction      Alch/Erth      0%         N/A       99%         4
 Petrify                  Alch/Erth      0%         N/A       99%         4
 Irradiate                Conj/Alch      0%         3d11      100%        5
 Lee's Rapid Deconstruct  Erth           0%         3d4*      100%        5
 Bombard                  Conj/Erth      0%         9d1       100%        6
 Starburst                Conj/Fire      0%         6d3       100%        6
 Enfeeble                 Hex            0%         N/A       100%        7
 Malign Gateway           Summ/Tloc      0%         N/A       100%        7
 Ignition                 Fire           0%         3d3       100%        8
 Summon Horrible Things   Summ           0%         N/A       100%        8


Dungeon Overview and Level Annotations

Branches:
Dungeon (8/15)             Temple (0/1) D:6
   Lair: D:8-11

Altars:
Cheibriados
Fedhas
Gozag
Nemelex Xobeh
Qazlal
Sif Muna
Vehumet
Wu Jian
Xom
Yredelemnul
The Shining One

Shops:
D:6 ::


Innate Abilities, Weirdness & Mutations

You are too large for most types of armour.
You have a pair of small horns on your head.
You have tough skin. (AC +1)
You gain doubled healing and magic from potions.
Whenever you drink a healing potion, you attack all around you.
Your body sometimes deteriorates upon taking damage.
You are frail. (-10% HP)
You have an increased reservoir of magic. (+10% MP)
Your system is resistant to poisons. (rPois)


Message History

You climb downwards.
The wight barely misses you.
There is a stone staircase leading up, spattered with blood here.
Unknown command.
The wight hits you with a +3 battleaxe of freezing!
You feel drained. The wight freezes you. The wight hits you with a +4 flail.
You climb upwards.
There is a stone staircase leading down here.
Unknown command.
You hit the wight.
The wight is lightly damaged.
The wight hits you with a +3 battleaxe of freezing!
You feel drained. The wight freezes you. The wight completely misses you.
You sock the wight!
The wight is almost destroyed.
The wight hits you with a +3 battleaxe of freezing!
Your body deteriorates!
You feel dopey.
You feel drained. The wight freezes you. The wight hits you with a +4 flail.
You are too injured to fight recklessly!
You are too injured to fight recklessly!
You are too injured to fight recklessly!
You barely miss the wight. You headbutt the wight.
You destroy the wight!
The Council accepts your kill.
The wight hits you with a +3 battleaxe of freezing!
* * * LOW HITPOINT WARNING * * *
The wight freezes you!
* * * LOW HITPOINT WARNING * * *
You barely miss the wight. The wight barely misses you.
You hit the wight. Your headbutt misses the wight.
The wight is moderately damaged.
The wight barely misses you.
You closely miss the wight.
The wight is moderately damaged.
The wight barely misses you.
You hit the wight.
The wight is severely damaged.
The wight hits you with a +3 battleaxe of freezing.
* * * LOW HITPOINT WARNING * * *
The wight freezes you.
You die...

### ..# ######
#.#####....#######
#...)..........)z######
....))..........@.[...#
....###....##.##.####.#
###.# #....##.##.# #.#
# #.# #######.##.####.#
# #.# #......##.# ###.#
####.#.##.# ....#
#.........# #####
#.##..##..# #.##..##..#


You could see a wight.

Vanquished Creatures
  A steam dragon (D:7)
  2 black bears
  3 sky beasts (D:7)
  4 orc warriors
  2 ice beasts (D:5)
  An ogre (D:5)
  A phantom (D:6)
  3 bullfrogs
  4 scorpions
  4 wights
  2 howler monkeys (D:8)
  Crazy Yiuf (D:2)
  6 bombardier beetles
  6 hounds
  2 orc priests (D:7)
  A jelly (D:5)
  2 sleepcaps
  3 iguanas
  Natasha (thrice) (D:4)
  5 orc wizards
  9 gnolls
  5 adders
  2 shadow imps
  2 white imps (D:6)
  2 ufetubi (D:7)
  25 orcs
  6 ball pythons
  13 bats
  5 endoplasms
  5 giant cockroaches
  14 goblins
  5 hobgoblins
  2 quokkas
  5 frilled lizards
  5 kobolds
  4 rats
165 creatures vanquished.

Notes
Turn   | Place    | Note
-------+----------+-------------------------------------------
     0 | D:1      | Malachi the Oni Gladiator began the quest for the Orb.
     0 | D:1      | Reached XP level 1. HP: 22/22 MP: 1/1
    42 | D:1      | Reached skill level 3 in Fighting
    42 | D:1      | Reached XP level 2. HP: 31/31 MP: 2/2
   259 | D:1      | Reached XP level 3. HP: 36/37 MP: 3/3
   312 | D:1      | Got Fuojix's Book of Concussion and Malediction
   552 | D:2      | Reached skill level 4 in Fighting
   679 | D:2      | Reached XP level 4. HP: 47/48 MP: 4/4
  1352 | D:2      | Reached XP level 5. HP: 41/55 MP: 5/5
  1471 | D:2      | Found a runed translucent door.
  1472 | D:2      | Noticed Crazy Yiuf
  1624 | D:2      | Killed Crazy Yiuf
  1625 | D:2      | Reached skill level 5 in Fighting
  1770 | D:3      | Found a basalt altar of Yredelemnul.
  1773 | D:3      | Found an ornate altar of the Wu Jian Council.
  1774 | D:3      | Found an opulent altar of Gozag.
  1774 | D:3      | Found a snail-covered altar of Cheibriados.
  2046 | D:3      | Became a worshipper of the Wu Jian Council
  2265 | D:3      | Reached XP level 6. HP: 63/67 MP: 6/6
  2297 | D:3      | Found a sparkling altar of Nemelex Xobeh.
  2349 | D:3      | Found a shimmering blue altar of Sif Muna.
  2362 | D:3      | Reached skill level 5 in Maces & Flails
  2690 | D:4      | Reached skill level 6 in Fighting
  2820 | D:4      | Reached * piety under Wu Jian
  2962 | D:4      | Noticed Natasha
  2967 | D:4      | Killed Natasha
  3099 | D:4      | Noticed Natasha
  3104 | D:4      | Killed Natasha
  3105 | D:4      | Reached XP level 7. HP: 76/76 MP: 7/7
  3113 | D:4      | Noticed Natasha
  3117 | D:4      | Killed Natasha
  3118 | D:4      | Reached skill level 7 in Fighting
  3211 | D:5      | Entered Level 5 of the Dungeon
  3376 | D:5      | Reached skill level 8 in Fighting
  3420 | D:5      | Reached XP level 8. HP: 68/89 MP: 8/8
  3881 | D:5      | Found a blossoming altar of Fedhas.
  3938 | D:5      | Found a shimmering altar of Xom.
  3989 | D:5      | Reached skill level 9 in Fighting
  4425 | D:6      | Found Peckar's Book Shoppe.
  4494 | D:6      | Found a radiant altar of Vehumet.
  4762 | D:6      | Found Cofoapae's Tiny Tomes.
  5058 | D:6      | Found a staircase to the Ecumenical Temple.
  5070 | D:6      | Reached skill level 10 in Fighting
  5225 | D:6      | Identified the +8 falchion of Dovegos {flame, rElec Stlth+}
  5603 | D:7      | Reached XP level 9. HP: 102/102 MP: 9/9
  5722 | D:7      | Reached ** piety under Wu Jian
  6092 | D:7      | Got the Elucidation of Tephra
  6103 | D:7      | Reached skill level 11 in Fighting
  6207 | D:7      | Gained mutation: You are somewhat resistant to further
                  | mutation. [potion of mutation]
  6207 | D:7      | Gained mutation: You are clumsy. (Dex -2) [potion of
                  | mutation]
  6207 | D:7      | Gained mutation: You expend magic power (3 MP) to
                  | strengthen your wands. [potion of mutation]
  6208 | D:7      | Lost mutation: You are clumsy. (Dex -2) [potion of
                  | mutation]
  6208 | D:7      | Lost mutation: You expend magic power (3 MP) to strengthen
                  | your wands. [potion of mutation]
  6208 | D:7      | Lost mutation: You are somewhat resistant to further
                  | mutation. [potion of mutation]
  6208 | D:7      | Gained mutation: Your body sometimes deteriorates upon
                  | taking damage. [potion of mutation]
  6208 | D:7      | Gained mutation: Your system is resistant to poisons.
                  | (rPois) [potion of mutation]
  6208 | D:7      | Gained mutation: You are frail. (-10% HP) [potion of
                  | mutation]
  6208 | D:7      | Gained mutation: You have an increased reservoir of magic.
                  | (+10% MP) [potion of mutation]
  6609 | D:7      | Found a stormy altar of Qazlal.
  6609 | D:7      | Found a glowing golden altar of the Shining One.
  7053 | D:8      | Reached skill level 12 in Fighting
  7547 | D:7      | Reached skill level 10 in Maces & Flails
  7960 | D:7      | HP: 2/81 [wight/+3 battleaxe of freezing (8)]
  7964 | D:7      | Slain by a wight

Illustrated notes

Levels and vault maps discovered:
D:1:      spicycebolla_arrival_clurvy, layout_rooms
D:2:      layout_basic, minmay_pentomino_u2, uniq_crazy_yiuf_cottage
D:3:      layout_basic, hellmonk_sif_muna_bookshelves,
          grunt_temple_overflow_open, mainiacjoe_overflow_alcove_2
D:4:      layout_cave_pools, uniq_natasha
D:5:      layout_loops_ring, xom_teletrap_fun, lemuel_coloured_pillars_altar,
          st_stairs_4
D:6:      layout_loops_corners, fiery_altar_vehumet,
          minmay_temple_entry_gardened_gates, serial_shops,
          nicolae_diamond_shop, supply_closet_lemuel,
          nicolae_shop_i_like_small_books_too
D:7:      layout_basic, gammafunk_temple_overflow_elements,
          minmay_misc_feat_cross
D:8:      layout_cave_pools, nicolae_ru_awakened_eye, special_room
          [special_room_orc], grunt_ministairs_5, minmay_crossroads,
          uniq_maurice

Skill      XL: |  1  2  3  4  5  6  7  8  9 |
---------------+----------------------------+-----
Fighting       | 3 4 5 6 8 10 12 | 12.5
Maces & Flails | 4 5 6 8 10 | 10.0
Throwing       | |  2.1
Dodging        | |  2.8

Action                     |  1- 3 |  4- 6 |  7- 9 || total
---------------------------+-------+-------+-------++-------
  Melee: Flail             |    82 |    43 |       ||   125
         Punch             |     1 |     1 |       ||     2
         Headbutt          |     6 |    18 |    39 ||    63
         Quarterstaff      |       |    82 |   240 ||   322
         Unarmed           |       |       |     1 ||     1
Ability: Lunge             |       |    11 |    18 ||    29
         Whirlwind         |       |       |     2 ||     2
    Use: Scroll            |       |     5 |     8 ||    13
         Potion            |       |     3 |     2 ||     5
   Stab: Sleeping          |       |     1 |     1 ||     2
 Armour: Robe              |    67 |    91 |   208 ||   366
  Dodge: Dodged            |    57 |    77 |   128 ||   262

Table legend: (Time is in decaauts)
 A = Elapsed time spent in this place.
 B = Non-inter-level travel time spent in this place.
 C = Inter-level travel time spent in this place.
 D = Time resting spent in this place.
 E = Time spent auto-exploring this place.
 F = Levels seen in this place.
 G = Mean time per level.
                   A        B        C        D        E       F      G
               +--------+--------+--------+--------+--------+-----+--------+
         Total |   8009 |   7767 |    242 |   1887 |   4636 |   8 | 1001.1 |
       Dungeon |   8009 |   7767 |    242 |   1887 |   4636 |   8 | 1001.1 |
               +--------+--------+--------+--------+--------+-----+--------+

Top non-repeatable levels by time:
     D:7: 2300 daAuts
     D:6: 1201 daAuts
     D:5: 1194 daAuts
     D:2: 926 daAuts
     D:3: 908 daAuts
     D:1: 803 daAuts
     D:4: 608 daAuts
     D:8: 65 daAuts
